 Dungeon Sprint DCSS version 0.17-a0-1508-ge7f3dc3 (webtiles) character file.

584 Kidiri the Basher (level 7, -27/75 HPs)
             Began as a Troll Berserker on July 10, 2015.
             Was a High Priest of Trog.
             Annihilated by a hill giant
             ... wielding a +0 giant club
              (32 damage)
             ... in the Dungeon (Sprint IX: "|||||||||||||||||||||||||||||").
             The game lasted 00:01:48 (189 turns).

Kidiri the Basher (Troll Berserker)                  Turns: 189, Time: 00:01:48

Health: -27/75     AC: 10    Str: 28    XL:     7   Next: 14%
Magic:  6/6        EV: 13    Int:  6    God:    Trog [*****.]
Gold:   0          SH:  0    Dex: 12    Spells: 0 memorised, 6 levels left

rFire  . . .     SeeInvis .     n - +2 dire flail (protect)
rCold  . . .     Clarity  .     b - +0 animal skin
rNeg   . . .     SustAt   .     (no shield)
rPois  .         Gourm    +     (helmet restricted)
rElec  .         Spirit   .     (no cloak)
rCorr  .         Warding  .     (gloves unavailable)
rMut   .         NoTele   +     (boots unavailable)
MR     .....                    (no amulet)
Stlth  +.........               k - +3 ring of dexterity
                                a - +3 ring of intelligence

@: exhausted, slowed, very slow, not resistant to hostile enchantments, very
unstealthy
A: unfitting armour, claws 3, fast metabolism 3, gourmand, regeneration 2,
shaggy fur 1, tough skin 2
a: Burn Spellbooks, Berserk, Trog's Hand, Brothers in Arms, Renounce Religion


You were in the Dungeon.
You worshipped Trog.
Trog was extremely pleased with you.
You were very full.

You visited 1 branch

Inventory:

Hand weapons
 n - a +2 dire flail of protection (weapon)
Armour
 b - a +0 animal skin (worn)
Jewellery
 a - a +3 ring of intelligence (left claw)
 k - a +3 ring of dexterity (right claw)
Magical devices
 m - a wand of fire (7)
Scrolls
 i - 2 scrolls of blinking
 l - 3 scrolls of remove curse
Potions
 d - 5 potions of curing
 e - 3 potions of heal wounds
 f - a potion of haste
 g - 4 potions of magic
 h - a potion of berserk rage
 j - a potion of invisibility
Comestibles
 c - 2 bread rations


   Skills:
 + Level 6.2 Fighting
 * Level 9.5 Maces & Flails
 * Level 8.6 Dodging


You had 6 spell levels left.
You didn't know any spells.

Dungeon Overview and Level Annotations

Branches:
Dungeon (1/1)

Altars:
Cheibriados
Dithmenos
Elyvilon
Fedhas
Gozag
Kikubaaqudgha
Makhleb
Nemelex Xobeh
Okawaru
Qazlal
Ru
Sif Muna
Trog
Vehumet
Xom
Yredelemnul
Zin
The Shining One
Beogh
Jiyva
Lugonu


Innate Abilities, Weirdness & Mutations

You are too large for most types of armour.
You have claws for hands.
Your metabolism is lightning-fast.
You like to eat raw meat.
You heal very quickly.
You are covered in fur (AC +1).
You have very tough skin (AC +2).


Message History

You barely miss the two-headed ogre.
The two-headed ogre is heavily wounded.
You are no longer berserk.
You are exhausted.
You feel yourself slow down. The two-headed ogre barely misses you.
The two-headed ogre hits you with a giant spiked club!!
You hit the two-headed ogre.
The two-headed ogre is severely wounded.
The two-headed ogre hits you but does no damage.
The two-headed ogre hits you with a giant spiked club!!
* * * LOW HITPOINT WARNING * * *
You puncture the two-headed ogre!
You kill the two-headed ogre!
Trog accepts your kill.
Your Fighting skill increases to level 6!
Your Maces & Flails skill increases to level 9!
Your Dodging skill increases to level 8!
You have reached level 7!
The hill giant hits you with a giant club!!
You die...

▓?▓
▓|▓
▓)▓
▓[▓
▓[▓
▓[▓
▓.▓
▓.▓
▓@▓
▓C▓
▓g▓
▓.▓
▓O▓
▓.▓
▓.▓
▓+▓


You could see a hill giant, an ogre and a hobgoblin.

Vanquished Creatures
  A two-headed ogre (D)
  An ice beast (D)
  An orc warrior (D)
  An ogre (D)
  A giant frog (D)
  A hound (D)
  An adder (D)
  An ooze (D)
  A ball python (D)
  A bat (D)
  2 giant newts (D)
  A rat (D)
13 creatures vanquished.

Notes
Turn   | Place    | Note
--------------------------------------------------------------
     0 | D        | Kidiri the Troll Berserker began the quest for the Orb.
     0 | D        | Reached XP level 1. HP: 22/22 MP: 0/0
    10 | D        | Reached skill level 3 in Maces & Flails
    15 | D        | Acquired Trog's second power
    23 | D        | Reached XP level 2. HP: 29/29 MP: 1/1
    49 | D        | Noticed an ogre
    49 | D        | Noticed a hound
    49 | D        | Noticed an ice beast
    54 | D        | Killed an ogre
    54 | D        | Reached skill level 5 in Maces & Flails
    54 | D        | Reached skill level 5 in Dodging
    54 | D        | Reached XP level 3. HP: 39/39 MP: 2/2
    54 | D        | Reached XP level 4. HP: 48/48 MP: 3/3
    61 | D        | Killed a hound
    61 | D        | Reached skill level 6 in Maces & Flails
    63 | D        | Killed an ice beast
    63 | D        | Acquired Trog's third power
    63 | D        | Reached skill level 7 in Maces & Flails
    63 | D        | Reached XP level 5. HP: 55/55 MP: 4/4
   125 | D        | Found a glowing silver altar of Zin.
   125 | D        | Found a glowing golden altar of the Shining One.
   125 | D        | Found an ancient bone altar of Kikubaaqudgha.
   125 | D        | Found a basalt altar of Yredelemnul.
   125 | D        | Found a shimmering altar of Xom.
   125 | D        | Found a radiant altar of Vehumet.
   126 | D        | Found an iron altar of Okawaru.
   127 | D        | Found a burning altar of Makhleb.
   128 | D        | Found a deep blue altar of Sif Muna.
   129 | D        | Found a bloodstained altar of Trog.
   130 | D        | Found a sparkling altar of Nemelex Xobeh.
   131 | D        | Found a white marble altar of Elyvilon.
   132 | D        | Found a roughly hewn altar of Beogh.
   133 | D        | Found a viscous altar of Jiyva.
   134 | D        | Found a corrupted altar of Lugonu.
   135 | D        | Found a blossoming altar of Fedhas.
   136 | D        | Found a snail-covered altar of Cheibriados.
   137 | D        | Found a shadowy altar of Dithmenos.
   138 | D        | Found a stormy altar of Qazlal.
   139 | D        | Found an opulent altar of Gozag.
   140 | D        | Found a sacrificial altar of Ru.
   170 | D        | Noticed a giant frog
   170 | D        | Noticed an orc warrior
   170 | D        | Noticed a two-headed ogre
   170 | D        | Noticed a hill giant
   170 | D        | Noticed an ogre
   173 | D        | Killed a giant frog
   173 | D        | Reached skill level 5 in Fighting
   173 | D        | Reached skill level 8 in Maces & Flails
   173 | D        | Reached XP level 6. HP: 66/66 MP: 5/5
   181 | D        | Killed an orc warrior
   189 | D        | Killed a two-headed ogre
   189 | D        | Reached skill level 9 in Maces & Flails
   189 | D        | Reached XP level 7. HP: 4/75 MP: 6/6
   189 | D        | Annihilated by a hill giant

Vault maps used:
D:        linesprint

Action                   |  1- 3 |  4- 6 |  7- 9 || total
-------------------------+-------+-------+-------++-------
Melee: Mace              |    21 |    11 |       ||    32
       Dire flail        |       |    17 |       ||    17
Invok: Berserk           |     1 |     1 |       ||     2
  Eat: Chunk             |     4 |     4 |       ||     8
